3A
HOGSMEADE CAULDRONS @ MT. VERNON BULLS
08/28/2024
 
TOP OF THE 1ST
Hogsmeade Cauldrons batting - Pitching for Mt. Vernon Bulls : RHP Derek Holbrook
Pitching: RHP Derek Holbrook
Batting: RHB Santiago Mosca 0-0: Called Strike
0-1: Fly out, F8 (Flyball, 8RM)
Batting: RHB Gonzalo Ángel 0-0: Ball
1-0: Ball
2-0: SINGLE (Line Drive, 6MD)
Batting: SHB Salvador Trevino 0-0: Called Strike
0-1: DOUBLE (Line Drive, 9LS)
Gonzalo Ángel to third
Batting: LHB David Breitling 0-0: Ball
1-0: Ball
2-0: 3-RUN HOME RUN (Line Drive, 7LD), Distance : 357 ft
Batting: SHB Lupo Cotto 0-0: Ball
1-0: Foul Ball, location: 2F
1-1: Ball
2-1: Fly out, F4 (Line Drive, 4)
Batting: LHB Jorge García 0-0: Ball
1-0: Ball
2-0: Ball
3-0: Called Strike
3-1: Called Strike
3-2: SINGLE (Groundball, 6MD)
Batting: LHB Tyler Knopp 0-0: Ball
1-0: Ball
2-0: Called Strike
2-1: Ball
3-1: Swinging Strike
3-2: Base on Balls
Jorge García to second
Batting: RHB Jorge Ramos 0-0: Called Strike
0-1: Swinging Strike
0-2: Ball
1-2: Foul Ball, location: 2F
1-2: Ball
2-2: Strikes out swinging
Top of the 1st over - 3 run(s), 4 hit(s), 0 error(s), 2 left on base; Hogsmeade 3 - Mt. Vernon 0
BOTTOM OF THE 1ST
Mt. Vernon Bulls batting - Pitching for Hogsmeade Cauldrons : RHP Marv Bradford
Pitching: RHP Marv Bradford
Batting: RHB Ismael Sandoval 0-0: Ball
1-0: Called Strike
1-1: Fly out, F9 (Flyball, 9M)
Batting: RHB Miguel Morán 0-0: Ball
1-0: Called Strike
1-1: Ground out U3 (Groundball, 3)
Batting: LHB Dawit Lihalakha 0-0: SOLO HOME RUN (Line Drive, 9D), Distance : 387 ft
Batting: RHB Manny Álvarez 0-0: Ball
1-0: Called Strike
1-1: Ball
2-1: Foul Ball, location: 2F
2-2: Fly out, F9 (Flyball, 9M)
Bottom of the 1st over - 1 run(s), 1 hit(s), 0 error(s), 0 left on base; Hogsmeade 3 - Mt. Vernon 1
TOP OF THE 2ND
Hogsmeade Cauldrons batting - Pitching for Mt. Vernon Bulls : RHP Derek Holbrook
Batting: LHB Austin Hathaway 0-0: Foul Ball, location: 2F
0-1: Ball
1-1: Ball
2-1: Called Strike
2-2: Foul Ball, location: 2F
2-2: Strikes out swinging
Batting: RHB Santiago Mosca 0-0: Ball
1-0: SINGLE (Groundball, 34D)
Batting: RHB Gonzalo Ángel 0-0: Swinging Strike
0-1: Ball
1-1: Foul Ball, location: 2F
1-2: Grounds into double play, 6-4-3 (Groundball, 6)
Top of the 2nd over - 0 run(s), 1 hit(s), 0 error(s), 0 left on base; Hogsmeade 3 - Mt. Vernon 1
BOTTOM OF THE 2ND
Mt. Vernon Bulls batting - Pitching for Hogsmeade Cauldrons : RHP Marv Bradford
Batting: SHB José Macías 0-0: Ball
1-0: Ball
2-0: Called Strike
2-1: Ball
3-1: Called Strike
3-2: Base on Balls
Batting: SHB Anastasio Delgadilo 0-0: Foul Ball, location: 2F
0-1: Ball
1-1: Called Strike
1-2: SINGLE (Groundball, 4MD)
José Macías to second
Runner from 2nd tries for 3rd, OUT!
Batting: RHB Louis Litt 0-0: Ball
1-0: Called Strike
1-1: Ball
2-1: Fly out, F7 (Flyball, 7M)
Batting: RHB Noël Sassetti 0-0: Ball
1-0: Fielders Choice at 2nd, 6-4 (Groundball, 6)
Bottom of the 2nd over - 0 run(s), 1 hit(s), 0 error(s), 0 left on base; Hogsmeade 3 - Mt. Vernon 1
TOP OF THE 3RD
Hogsmeade Cauldrons batting - Pitching for Mt. Vernon Bulls : RHP Derek Holbrook
Batting: SHB Salvador Trevino 0-0: Called Strike
0-1: Ball
1-1: Foul Ball, location: 2F
1-2: Ball
2-2: Strikes out swinging
Batting: LHB David Breitling 0-0: Called Strike
0-1: SOLO HOME RUN (Flyball, 9LD), Distance : 365 ft
Batting: SHB Lupo Cotto 0-0: Called Strike
0-1: Ball
1-1: Fly out, F8 (Flyball, 8LD)
Batting: LHB Jorge García 0-0: SINGLE (Line Drive, 6D)
Batting: LHB Tyler Knopp 0-0: Swinging Strike
0-1: Ball
1-1: Ball
2-1: Foul Ball, location: 2F
2-2: Foul Ball, location: 2F
2-2: Ball
3-2: Strikes out swinging
Top of the 3rd over - 1 run(s), 2 hit(s), 0 error(s), 1 left on base; Hogsmeade 4 - Mt. Vernon 1
BOTTOM OF THE 3RD
Mt. Vernon Bulls batting - Pitching for Hogsmeade Cauldrons : RHP Marv Bradford
Batting: RHB Rafael López 0-0: Ball
1-0: Called Strike
1-1: Ball
2-1: Ball
3-1: Called Strike
3-2: Base on Balls
Batting: RHB Ismael Sandoval 0-0: Ball
1-0: Swinging Strike
1-1: Ball
2-1: Foul Ball, location: 2F
2-2: Grounds into double play, 4-6-3 (Groundball, 4)
Batting: RHB Miguel Morán 0-0: Ball
1-0: Called Strike
1-1: Called Strike
1-2: Strikes out swinging
Bottom of the 3rd over - 0 run(s), 0 hit(s), 0 error(s), 0 left on base; Hogsmeade 4 - Mt. Vernon 1
TOP OF THE 4TH
Hogsmeade Cauldrons batting - Pitching for Mt. Vernon Bulls : RHP Derek Holbrook
Batting: RHB Jorge Ramos 0-0: Ball
1-0: Foul Ball, location: 2F
1-1: Fly out, F5 (Line Drive, 5S)
Batting: LHB Austin Hathaway 0-0: Called Strike
0-1: Ball
1-1: SINGLE (Line Drive, 9LS)
Batting: RHB Santiago Mosca 0-0: Fly out, F8 (Flyball, 8LS)
Batting: RHB Gonzalo Ángel 0-0: Foul Ball, location: 2F
0-1: Swinging Strike
0-2: Ball
1-2: Strikes out swinging
Top of the 4th over - 0 run(s), 1 hit(s), 0 error(s), 1 left on base; Hogsmeade 4 - Mt. Vernon 1
BOTTOM OF THE 4TH
Mt. Vernon Bulls batting - Pitching for Hogsmeade Cauldrons : RHP Marv Bradford
Batting: LHB Dawit Lihalakha 0-0: Ball
1-0: Swinging Strike
1-1: Foul Ball, location: 2F
1-2: Ball
2-2: Ball
3-2: Foul Ball, location: 2F
3-2: Strikes out looking
Batting: RHB Manny Álvarez 0-0: Ball
1-0: Ball
2-0: Called Strike
2-1: Called Strike
2-2: Foul Ball, location: 2F
2-2: Strikes out swinging
Batting: SHB José Macías 0-0: Called Strike
0-1: Ball
1-1: Ball
2-1: Ball
3-1: Called Strike
3-2: DOUBLE (Flyball, 7LM)
Batting: SHB Anastasio Delgadilo 0-0: Ball
1-0: Called Strike
1-1: SINGLE (Groundball, 4MD)
José Macías to third
Runner from 3rd tries for Home, SAFE, no throw or cutoff
Batting: RHB Louis Litt 0-0: Ball
1-0: Ball
2-0: Called Strike
2-1: Ball
3-1: Called Strike
3-2: Foul Ball, location: 2F
3-2: Ground out 6-3 (Groundball, 6)
Bottom of the 4th over - 1 run(s), 2 hit(s), 0 error(s), 1 left on base; Hogsmeade 4 - Mt. Vernon 2
TOP OF THE 5TH
Hogsmeade Cauldrons batting - Pitching for Mt. Vernon Bulls : RHP Derek Holbrook
Batting: SHB Salvador Trevino 0-0: Ball
1-0: Foul Ball, location: 2F
1-1: Ball
2-1: Foul Ball, location: 2F
2-2: Strikes out swinging
Batting: LHB David Breitling 0-0: Called Strike
0-1: Ball
1-1: Ball
2-1: Swinging Strike
2-2: Ball
3-2: Base on Balls
Batting: SHB Lupo Cotto 0-0: Called Strike
0-1: Swinging Strike
0-2: Ball
1-2: SINGLE (Flyball, 89S)
David Breitling to second
Batting: LHB Jorge García 0-0: Ball
1-0: Called Strike
1-1: SINGLE (Groundball, 34D)
David Breitling to third
Lupo Cotto to second
Runner from 3rd tries for Home, SAFE, no throw or cutoff
Pitching: RHP Chet Delaney
Batting: LHB Tyler Knopp 0-0: Ball
1-0: Called Strike
1-1: Ball
2-1: Fly out, F3 (Line Drive, 3L)
Batting: RHB Jorge Ramos 0-0: Swinging Strike
0-1: Ball
1-1: Ball
2-1: Ball
3-1: Base on Balls
Lupo Cotto to third
Jorge García to second
Batting: LHB Austin Hathaway 0-0: Ball
1-0: Foul Ball, location: 2F
1-1: Called Strike
1-2: Fly out, F2 (Popup, 2LF)
Top of the 5th over - 1 run(s), 2 hit(s), 0 error(s), 3 left on base; Hogsmeade 5 - Mt. Vernon 2
BOTTOM OF THE 5TH
Mt. Vernon Bulls batting - Pitching for Hogsmeade Cauldrons : RHP Marv Bradford
Batting: RHB Noël Sassetti 0-0: Ball
1-0: Foul Ball, location: 2F
1-1: Ball
2-1: Ground out 6-3 (Groundball, 6)
Batting: RHB Rafael López 0-0: Ball
1-0: Swinging Strike
1-1: Swinging Strike
1-2: Ball
2-2: Strikes out looking
Batting: RHB Ismael Sandoval 0-0: Ground out 6-3 (Groundball, 6M)
Bottom of the 5th over - 0 run(s), 0 hit(s), 0 error(s), 0 left on base; Hogsmeade 5 - Mt. Vernon 2
TOP OF THE 6TH
Hogsmeade Cauldrons batting - Pitching for Mt. Vernon Bulls : RHP Chet Delaney
Batting: RHB Santiago Mosca 0-0: Called Strike
0-1: Ball
1-1: Ball
2-1: Fly out, F9 (Flyball, 9M)
Batting: RHB Gonzalo Ángel 0-0: Ball
1-0: Ball
2-0: Called Strike
2-1: Foul Ball, location: 2F
2-2: Ball
3-2: Base on Balls
Batting: SHB Salvador Trevino 0-0: Swinging Strike
0-1: Foul Ball, location: 2F
0-2: Strikes out looking
Batting: LHB David Breitling 0-0: Ball
1-0: Swinging Strike
1-1: Swinging Strike
1-2: Ball
Wild Pitch!
Gonzalo Ángel to second
2-2: Strikes out looking
Top of the 6th over - 0 run(s), 0 hit(s), 0 error(s), 1 left on base; Hogsmeade 5 - Mt. Vernon 2
BOTTOM OF THE 6TH
Mt. Vernon Bulls batting - Pitching for Hogsmeade Cauldrons : RHP Marv Bradford
Batting: RHB Miguel Morán 0-0: Fly out, F9 (Flyball, 89M)
Batting: LHB Dawit Lihalakha 0-0: Foul Ball, location: 2F
0-1: Ball
1-1: Swinging Strike
1-2: Strikes out looking
Batting: RHB Manny Álvarez 0-0: Ball
1-0: DOUBLE (Line Drive, 8LM)
Batting: SHB José Macías 0-0: Foul Ball, location: 2F
0-1: DOUBLE (Line Drive, 89M)
Manny Álvarez scores
Batting: SHB Anastasio Delgadilo 0-0: Ball
1-0: Ball
2-0: Ball
3-0: Base on Balls
Batting: RHB Louis Litt 0-0: Called Strike
0-1: Ball
1-1: Called Strike
1-2: Ball
2-2: Ball
3-2: Strikes out swinging
Bottom of the 6th over - 1 run(s), 2 hit(s), 0 error(s), 2 left on base; Hogsmeade 5 - Mt. Vernon 3
TOP OF THE 7TH
Hogsmeade Cauldrons batting - Pitching for Mt. Vernon Bulls : RHP Chet Delaney
Batting: SHB Lupo Cotto 0-0: Ball
1-0: Ball
2-0: Foul Ball, location: 2F
2-1: Ball
3-1: Base on Balls
Batting: LHB Jorge García 0-0: Ball
1-0: Sac Bunt - play at first, batter OUT! 1-4
Lupo Cotto to second
Batting: LHB Tyler Knopp 0-0: Intentional Walk
Pinch Hitting: LHB Ignacio Medine 0-0: Foul Ball, location: 2F
0-1: Foul Ball, location: 2F
0-2: Strikes out swinging
Batting: LHB Austin Hathaway 0-0: Ball
1-0: Ball
2-0: Ball
3-0: Called Strike
3-1: Called Strike
3-2: Base on Balls
Lupo Cotto to third
Tyler Knopp to second
Pitching: RHP Michael Swanson
Batting: RHB Santiago Mosca 0-0: Ground out 5-3 (Groundball, 56)
Top of the 7th over - 0 run(s), 0 hit(s), 0 error(s), 3 left on base; Hogsmeade 5 - Mt. Vernon 3
BOTTOM OF THE 7TH
Mt. Vernon Bulls batting - Pitching for Hogsmeade Cauldrons : RHP Marv Bradford
Now at 2B: Jim Unknown
Batting: RHB Noël Sassetti 0-0: Called Strike
0-1: Fly out, F2 (Popup, 2LF)
Batting: RHB Rafael López 0-0: Called Strike
0-1: Swinging Strike
0-2: Ball
1-2: Foul Ball, location: 2F
1-2: Foul Ball, location: 2F
1-2: Foul Ball, location: 2F
1-2: Ball
2-2: Ground out 6-3 (Groundball, 6)
Batting: RHB Ismael Sandoval 0-0: Ball
1-0: Called Strike
1-1: Ball
2-1: Ball
3-1: Swinging Strike
3-2: Fly out, F8 (Flyball, 8LM)
Bottom of the 7th over - 0 run(s), 0 hit(s), 0 error(s), 0 left on base; Hogsmeade 5 - Mt. Vernon 3
TOP OF THE 8TH
Hogsmeade Cauldrons batting - Pitching for Mt. Vernon Bulls : RHP Michael Swanson
Batting: RHB Gonzalo Ángel 0-0: Ball
1-0: Called Strike
1-1: Ball
2-1: Fly out, F5 (Line Drive, 5)
Batting: SHB Salvador Trevino 0-0: Ground out 1-3 (Groundball, 13)
Batting: LHB David Breitling 0-0: Swinging Strike
0-1: Ground out U3 (Groundball, 3)
Top of the 8th over - 0 run(s), 0 hit(s), 0 error(s), 0 left on base; Hogsmeade 5 - Mt. Vernon 3
BOTTOM OF THE 8TH
Mt. Vernon Bulls batting - Pitching for Hogsmeade Cauldrons : RHP Marv Bradford
Pitching: RHP Lorenzo Valverde
Batting: RHB Miguel Morán 0-0: Called Strike
0-1: Ground out 4-3 (Groundball, 4M)
Batting: LHB Dawit Lihalakha 0-0: Ground out 4-3 (Groundball, 34)
Batting: RHB Manny Álvarez 0-0: Ball
1-0: Ball
2-0: Foul Ball, location: 2F
2-1: Ball
3-1: Ground out 5-3 (Groundball, 56)
Bottom of the 8th over - 0 run(s), 0 hit(s), 0 error(s), 0 left on base; Hogsmeade 5 - Mt. Vernon 3
TOP OF THE 9TH
Hogsmeade Cauldrons batting - Pitching for Mt. Vernon Bulls : RHP Michael Swanson
Pitching: LHP Gerard McCall
Batting: SHB Lupo Cotto 0-0: Ball
1-0: Ball
2-0: Foul Ball, location: 2F
2-1: Swinging Strike
2-2: Strikes out swinging
Batting: LHB Jorge García 0-0: Called Strike
0-1: Ball
1-1: Ball
2-1: Ball
3-1: Base on Balls
Batting: LHB Tyler Knopp 0-0: Called Strike
0-1: Ball
1-1: Called Strike
1-2: Foul Ball, location: 2F
1-2: Strikes out swinging
Batting: SHB Jim Unknown 0-0: Called Strike
0-1: Ball
1-1: Ball
2-1: Ball
3-1: Foul Ball, location: 2F
3-2: Ground out 5-3 (Groundball, 56)
Top of the 9th over - 0 run(s), 0 hit(s), 0 error(s), 1 left on base; Hogsmeade 5 - Mt. Vernon 3
BOTTOM OF THE 9TH
Mt. Vernon Bulls batting - Pitching for Hogsmeade Cauldrons : RHP Lorenzo Valverde
Pitching: RHP Rodrigo Torres
Batting: SHB José Macías 0-0: Ball
1-0: Ball
2-0: Called Strike
2-1: Foul Ball, location: 2F
2-2: Ball
3-2: Strikes out looking
Batting: SHB Anastasio Delgadilo 0-0: Ball
1-0: Swinging Strike
1-1: Ball
2-1: Ball
3-1: Swinging Strike
3-2: Foul Ball, location: 2F
3-2: Foul Ball, location: 2F
3-2: Strikes out swinging
Batting: RHB Louis Litt 0-0: Called Strike
0-1: Called Strike
0-2: Ball
1-2: Strikes out swinging
Bottom of the 9th over - 0 run(s), 0 hit(s), 0 error(s), 0 left on base; Hogsmeade 5 - Mt. Vernon 3
This league is powered by Out of the Park Baseball, the baseball management simulation game for PC, Mac and Linux
Monday, October 3rd, 2016 - OOTP Baseball 16.9 Build 39